Map: Deathaura LE

Players

A.I. 1 (Very Easy) - Winner!

  • Race: Terran Terran
  • Spawn Location: 5:00

Rescue

  • Race: Terran Terran
  • League: Grandmaster
  • Spawn Location: 11:00

VOD

Have the link to the VOD?

Description

Time

  • Played on: Oct. 20, 2020, 10:57 p.m.
  • Length: 9:23
Show
View Real Time Build Order
Export as new Build Order

A.I. 1 (Very Easy) Terran - Winner!

Build Orders:  

Get SALT Encoding   

  12  0:00  SCV  
  13  0:13  SCV  
  14  0:18  Supply Depot  
  14  0:37  Refinery  
  14  0:43  Barracks  
  14  1:05  Supply Depot  
  14  1:11  Refinery  
  14  1:29  SCV  
  14  1:30  Marine  
  16  1:41  SCV  
  17  1:53  SCV  
  18  2:03  Marine  
  18  2:05  SCV  
  20  2:17  SCV  
  21  2:29  SCV  
  22  2:36  Marine  
  23  2:41  Orbital Command  
  23  3:42  Marine  
  23  3:45  Supply Depot  
  23  4:06  SCV  
  23  4:11  Marine  
  24  5:07  Marine  
  24  5:08  SCV  
  23  5:35  Marine  
  24  5:49  SCV  
  25  5:50  Factory  
  25  5:54  Supply Depot  
  24  6:01  SCV  
  23  6:04  Marine  
  24  6:13  SCV  
  25  6:25  SCV  
  26  6:35  Marine  
  26  6:36  Starport  
  27  6:46  Command Center  
  27  6:53  Barracks Tech Lab  
  27  7:11  Marine  
  27  7:12  Starport Tech Lab  
  28  7:32  Raven  
  30  7:43  Marauder  
  32  7:59  SCV  
  32  8:00  Refinery  
  33  8:06  SCV  
  33  8:08  Refinery  
  34  8:13  SCV  
  34  8:15  Raven  
  37  8:21  SCV  
  38  8:28  SCV  
  39  8:35  SCV  
  39  8:38  Marine  
  41  8:42  SCV  
  33  8:57  SCV  
  33  8:59  Supply Depot  
  28  9:09  SCV  
Show
View Real Time Build Order
Export as new Build Order

Rescue Terran 

Build Orders:  

Get SALT Encoding   

  12  0:00  SCV  
  13  0:12  SCV  
  14  0:17  Supply Depot  
  14  0:26  Refinery  
  14  0:27  SCV  
  15  0:39  SCV  
  16  0:44  Barracks  
  16  0:51  SCV  
  16  0:55  Refinery  
  17  1:03  SCV  
  18  1:16  SCV  
  19  1:28  SCV  
  19  1:32  Supply Depot, Reaper  
  21  1:40  Orbital Command  
  21  1:49  Factory  
  20  2:04  Reaper  
  20  2:06  SCV  
  22  2:18  SCV  
  23  2:30  SCV  
  23  2:33  Hellion  
  23  2:36  Reaper  
  27  2:39  Command Center  
  27  2:46  Supply Depot  
  27  2:49  SCV  
  28  2:55  Starport  
  28  2:59  Widow Mine  
  28  3:01  SCV  
  31  3:13  SCV  
  31  3:14  Barracks Reactor  
  32  3:21  Factory Tech Lab  
  32  3:25  SCV  
  33  3:32  Starport Tech Lab  
  33  3:37  Supply Depot, SCV  
  34  3:42  Siege Tank  
  37  3:49  SCV  
  37  3:50  Orbital Command  
  37  3:51  Marine x2  
  40  3:58  Refinery  
  40  4:01  SCV, Raven  
  43  4:08  Supply Depot  
  43  4:11  Marine x2  
  43  4:13  SCV  
  46  4:20  SCV  
  47  4:25  SCV, Siege Tank  
  51  4:32  Supply Depot, SCV  
  51  4:37  SCV  
  53  4:38  Marine  
  53  4:39  Marine  
  53  4:44  SCV  
  56  4:49  Raven  
  56  4:50  SCV  
  59  4:54  Supply Depot  
  59  4:56  SCV  
  60  5:02  SCV  
  60  5:03  Marine x2  
  60  5:06  Siege Tank  
  66  5:08  SCV  
  66  5:14  SCV  
  68  5:16  Supply Depot  
  68  5:17  Command Center  
  68  5:20  SCV  
  71  5:32  SCV  
  70  5:39  SCV  
  70  5:42  Supply Depot  
  71  5:46  SCV  
  71  5:47  Barracks x2, Engineering Bay x2  
  72  5:50  Refinery  
  72  5:52  SCV  
  72  5:55  Siege Tank  
  72  5:56  Marine, Stimpack  
  77  5:59  Viking  
  79  6:04  Viking  
  79  6:05  SCV  
  79  6:06  SCV  
  83  6:14  Marine  
  83  6:16  Terran Infantry Weapons Level 1, Terran Infantry Armor Level 1  
  83  6:17  SCV  
  85  6:19  SCV  
  86  6:29  Siege Tank  
  89  6:33  Marine  
  89  6:37  Barracks Reactor x2  
  89  6:39  SCV  
  91  6:40  SCV  
  92  6:50  Starport Reactor, Marine x3  
  92  6:51  SCV  
  92  6:52  Orbital Command  
  96  7:00  SCV  
  97  7:03  SCV  
  97  7:05  Supply Depot  
  97  7:06  Supply Depot  
  98  7:09  Siege Tank  
  98  7:13  SCV, Marine  
  98  7:14  Marine x4  
  107  7:18  SCV x2  
  107  7:19  Armory, Refinery  
  107  7:21  Refinery  
  109  7:25  SCV  
  110  7:30  SCV x2  
  110  7:31  Marine  
  110  7:32  Marine x2, Viking x2  
  119  7:37  SCV, Marine x2  
  119  7:42  SCV x2  
  124  7:49  SCV, Marine  
  124  7:50  Marine, Siege Tank  
  130  7:54  SCV  
  131  7:59  SCV  
  131  8:00  Command Center  
  132  8:11  Barracks  
  132  8:12  Barracks  
  132  8:13  Barracks  
  132  8:15  Barracks  
  132  8:16  Marine  
  132  8:17  Barracks  
  132  8:19  Refinery  
  133  8:20  Refinery  
  133  8:21  Supply Depot  
  133  8:22  Supply Depot  
  133  8:28  Factory  
  133  8:32  Supply Depot  
  133  8:34  Marine x5  
  133  8:35  Siege Tank  
  133  8:36  Supply Depot  
  141  8:48  Medivac  
  142  8:50  SCV x3  
  142  8:52  Marine x4  
  149  8:59  Supply Depot  
  149  9:00  Supply Depot  
  149  9:02  SCV x3, Barracks Reactor x4  
  152  9:05  Barracks Reactor  
  155  9:22  Factory Tech Lab  
Tags
 
Matchup
TvT
Race
Terran
Spawn Locations
Cross Positions
Add a new tag
Caveats
  • Supply blocks, unpowered buildings, or Contaminate may cause inaccurate times.
  • Supply counts are checked every 10 seconds.